 Dungeon Crawl Stone Soup version 0.30-a0-29-g142975f185 (webtiles) character file.

Game seed: 13873451154523729115

609 fingers the Covered (level 7, -11/62 HPs)
             Began as a Minotaur Fighter on Aug 26, 2022.
             Mangled by Prince Ribbit (14 damage)
             ... on level 5 of the Dungeon.
             The game lasted 00:09:01 (5729 turns).

fingers the Covered (Minotaur Fighter)              Turns: 5729, Time: 00:09:02

Health: -11/62     AC:  8    Str: 23    XL:     7   Next: 19%
Magic:  15/15      EV:  9    Int:  5    God:
Gold:   218        SH:  5    Dex:  9    Spells: 6/6 levels left

rFire   x . .      SeeInvis .    a - +0 war axe
rCold   + . .      Faith    .    c - +0 buckler
rNeg    . . .      Spirit   .    b - +0 scale mail
rPois   .          Reflect  .    (helmet restricted)
rElec   .          Harm     .    k - +0 cloak
rCorr   .          Rampage  .    (no gloves)
Will    .....                    (no boots)
Stlth   ..........               (no amulet)
HPRegen 0.20/turn                o - ring of ice
MPRegen 0.14/turn                F - ring of magical power

@: invisible
A: horns 2, retaliatory headbutt
a: no special abilities


You were on level 5 of the Dungeon.
You visited 1 branch of the dungeon, and saw 5 of its levels.
You also visited: Sewer.

You collected 218 gold pieces.

Inventory:

Hand Weapons
 a - a +0 war axe (weapon)
Missiles
 p - 41 stones
 v - 2 boomerangs (quivered)
 z - 14 poisoned darts
 C - a curare-tipped dart
Armour
 b - a +0 scale mail (worn)
 c - a +0 buckler (worn)
 k - a +0 cloak (worn)
Jewellery
 o - a ring of ice (left hand)
 F - a ring of magical power (right hand)
Scrolls
 e - a scroll of vulnerability {unknown}
 f - 12 scrolls of identify {unknown}
 i - 2 scrolls of blinking {unknown}
 l - a scroll of silence {unknown}
 q - 2 scrolls of torment {unknown}
 s - 2 scrolls of immolation {unknown}
 t - 2 scrolls of butterflies {unknown}
 w - a scroll of noise {unknown}
 y - 3 scrolls of teleportation
 A - a scroll of acquirement {unknown}
 B - 3 scrolls of fear {unknown}
 D - a scroll of brand weapon {unknown}
 E - a scroll of poison {unknown}
Potions
 d - 3 potions of might
 g - 2 potions of attraction {unknown}
 h - 3 potions of flight {unknown}
 j - a potion of magic {unknown}
 n - a potion of resistance {unknown}
 r - a potion of lignification {unknown}
 u - a potion of curing {unknown}
 x - a potion of haste {unknown}
 G - a potion of cancellation {unknown}


   Skills:
 + Level 5.9 Fighting
 + Level 5.2 Axes
 + Level 5.9 Armour
 + Level 5.8 Shields


You had 6 spell levels left.
You didn't know any spells.
Your spell library contained the following spells:

 Spells                   Type           Power      Damage    Failure   Level
 Apportation              Tloc           0%         N/A       85%         1
 Magic Dart               Conj           0%         1d3       85%         1
 Necrotise                Necr           0%         1d4       85%         1
 Summon Small Mammal      Summ           0%         N/A       85%         1
 Blink                    Tloc           0%         N/A       94%         2
 Call Imp                 Summ           0%         N/A       94%         2
 Lesser Beckoning         Tloc           0%         N/A       99%         3
 Mephitic Cloud           Conj/Pois/Air  0%         N/A       99%         3
 Manifold Assault         Tloc           0%         N/A       100%        5


Dungeon Overview and Level Annotations

Branches:
Dungeon (5/15)              Sewer (visited)
 Temple: D:4-7

Altars:
Qazlal

Annotations:
D:5 Prince Ribbit


Innate Abilities, Weirdness & Mutations

You have a pair of horns on your head.
You reflexively headbutt those who attack you in melee.


Message History

An iguana comes into view.
Found 12 gold pieces and a whip.
There is an open door here.
Prince Ribbit comes into view.
Prince Ribbit blinks!
You completely miss the iguana. The iguana bites you.
You hit the iguana. You headbutt the iguana.
The iguana is heavily wounded.
The iguana bites you but does no damage.
You hit the iguana.
The iguana is severely wounded.
The iguana bites you!
You barely miss the iguana.
The iguana is severely wounded.
The iguana bites you but does no damage.
You slash the iguana!
You kill the iguana!
Prince Ribbit blinks!
You throw a boomerang. The boomerang misses Prince Ribbit.
Prince Ribbit blinks!
You throw a boomerang.
The boomerang barely misses Prince Ribbit.
You throw a boomerang.
The boomerang barely misses Prince Ribbit.
Prince Ribbit blinks!
You throw a boomerang. The boomerang misses Prince Ribbit.
Prince Ribbit hits you!
You hit Prince Ribbit. You headbutt Prince Ribbit.
Prince Ribbit is lightly wounded.
Prince Ribbit hits you! x2
You barely miss Prince Ribbit. You headbutt Prince Ribbit!
Prince Ribbit is moderately wounded.
Prince Ribbit hits you!
* * * LOW HITPOINT WARNING * * *
Prince Ribbit hits you!
* * * LOW HITPOINT WARNING * * *
It was a potion of invisibility.
You fade into invisibility!
Prince Ribbit hits you!
You die...

#....... ######......
......).$..#
#######.>.........#
..................+
..................#
................F.#
................@.####+
.....<...................
.......##+#####'##.......
.......#.........#.......
.......#.........#.......
.......#.........+.......
.......#....######.......
.......#....# #####..
.......#....#


You could see Prince Ribbit (unable to see you).

Vanquished Creatures
  A black bear (D:4)
  2 kobold brigands (Sewer)
  An orc priest (D:4)
  4 iguanas
  An orc wizard (D:4)
  7 adders
  5 river rats (Sewer)
  An ufetubus (D:4)
  A worm (D:3)
  10 orcs
  2 bats
  7 endoplasms
  5 giant cockroaches
  6 goblins
  4 hobgoblins
  4 jackals (Sewer)
  A quokka (D:1)
  15 ball pythons
  11 frilled lizards
  7 kobolds
  8 rats
103 creatures vanquished.

Vanquished Creatures (others)
  22 plants (Sewer)
22 creatures vanquished.

Grand Total: 125 creatures vanquished

Notes
Turn   | Place    | Note
-------+----------+-------------------------------------------
     0 | D:1      | fingers the Minotaur Fighter began the quest for the Orb.
     0 | D:1      | Reached XP level 1. HP: 19/19 MP: 0/0
   199 | D:1      | Reached XP level 2. HP: 27/27 MP: 1/1
   917 | D:2      | Reached XP level 3. HP: 33/33 MP: 2/2
   973 | D:2      | Found a faded altar of an unknown god.
  1129 | D:2      | Identified the +1 robe "Lere" {rPois rF+ Int+2}
  1406 | D:3      | Found a glowing drain.
  1428 | Sewer    | Entered a sewer
  1900 | Sewer    | Reached XP level 4. HP: 25/40 MP: 3/3
  2541 | Sewer    | Noticed a kobold brigand
  2551 | Sewer    | HP: 2/41 [kobold brigand/+0 dagger (4)]
  2552 | Sewer    | Killed a kobold brigand
  2553 | Sewer    | Reached XP level 5. HP: 2/47 MP: 4/4
  3211 | Sewer    | Reached skill level 5 in Fighting
  3211 | Sewer    | Reached skill level 5 in Armour
  3211 | Sewer    | Reached skill level 5 in Shields
  3417 | Sewer    | Reached XP level 6. HP: 54/56 MP: 5/5
  4080 | D:3      | You fall into a shaft and drop 1 floor!
  4106 | D:4      | Found a stormy altar of Qazlal.
  5134 | D:4      | Reached skill level 5 in Axes
  5134 | D:4      | Reached XP level 7. HP: 48/62 MP: 6/6
  5606 | D:5      | Entered Level 5 of the Dungeon
  5713 | D:5      | Noticed Prince Ribbit
  5728 | D:5      | HP: 2/62 [Prince Ribbit (12)]
  5729 | D:5      | Mangled by Prince Ribbit

Illustrated notes

Levels and vault maps discovered:
D:1:      nzn_arrival_water_spiral, layout_loops_cross, hangedman_feature_mirror
D:2:      layout_loops_ring, nicolae_ecumenical_oubliette
D:3:      layout_loops_cross, cheibrodos_sewer_entry_drain, glass_columns_a
D:4:      layout_cave_pools, mainiacjoe_overflow_small_starburst,
          amcnicky_mini_rare_corridor_liquid, minmay_misc_feat_diagonals,
          chequers_serial_rivers_small_a, kennysheep_generic_room_7
D:5:      layout_gridville, uniq_grinder, uniq_pikel, uniq_prince_ribbit1

Skill      XL: |  1  2  3  4  5  6 |
---------------+-------------------+-----
Shields        | 4 5 |  5.8
Armour         | 4 5 |  5.9
Fighting       | 4 5 |  5.9
Axes           | 3 4 5 |  5.2

Action                   |  1- 3 |  4- 6 |  7- 9 || total
-------------------------+-------+-------+-------++-------
Melee: War axe           |    70 |   150 |    27 ||   247
       Headbutt          |     9 |    23 |     7 ||    39
Throw: Boomerang         |    18 |    27 |     5 ||    50
       Stone             |     7 |       |       ||     7
  Use: Scroll            |       |     1 |       ||     1
       Potion            |       |       |     1 ||     1
Armor: Scale mail        |    52 |    71 |     5 ||   128
Dodge: Dodged            |    44 |    82 |     9 ||   135
Block: Buckler           |    20 |    20 |     9 ||    49

Table legend: (Time is in decaauts)
 A = Elapsed time spent in this place.
 B = Non-inter-level travel time spent in this place.
 C = Inter-level travel time spent in this place.
 D = Time resting spent in this place.
 E = Time spent auto-exploring this place.
 F = Levels seen in this place.
 G = Mean time per level.
                   A        B        C        D        E       F      G
               +--------+--------+--------+--------+--------+-----+--------+
         Total |   6016 |   5969 |     47 |   1806 |   2695 |   6 | 1002.7 |
       Dungeon |   3615 |   3568 |     47 |    459 |   2165 |   5 |  723.0 |
         Sewer |   2401 |   2401 |      0 |   1347 |    529 |   1 | 2401.0 |
               +--------+--------+--------+--------+--------+-----+--------+

Top non-repeatable levels by time:
   Sewer: 2401 daAuts
     D:4: 1335 daAuts
     D:3: 774 daAuts
     D:2: 695 daAuts
     D:1: 681 daAuts
     D:5: 128 daAuts
